Map: Galactic Process LE

Players

Garret - Winner!

  • Race: Terran Terran
  • League: Gold

ElvonMF

  • Race: Terran Terran

VOD

Have the link to the VOD?

Description

Time

  • Played on: Oct. 3, 2016, 6:24 a.m.
  • Length: 15:02
Show
View Real Time Build Order
Export as new Build Order

Garret Terran - Winner!

Build Orders: Reaper Expand, MMM Bio 

Get SALT Encoding   

  12  0:03  SCV  
  13  0:13  Supply Depot  
  13  0:18  SCV  
  14  0:30  SCV  
  15  0:38  Barracks  
  15  0:42  Refinery  
  15  0:46  SCV  
  16  1:22  Command Center  
  16  1:28  Reaper  
  17  1:41  Orbital Command  
  17  1:57  Supply Depot  
  17  2:02  Barracks Reactor  
  17  2:19  SCV  
  18  2:28  Factory  
  18  2:30  Refinery  
  18  2:31  SCV  
  19  3:07  Marine x2  
  21  3:13  Factory Tech Lab  
  21  3:17  Orbital Command  
  21  3:25  Marine x2  
  23  3:40  Siege Tank  
  25  3:43  Marine x2  
  27  3:57  Barracks  
  27  3:59  SCV, Engineering Bay  
  27  4:00  Marine, SCV  
  27  4:01  Marine, Barracks  
  31  4:14  SCV  
  32  4:18  Marine x2  
  32  4:20  Supply Depot  
  34  4:36  Siege Tank  
  37  4:38  SCV x2  
  37  4:43  Supply Depot  
  39  4:46  Terran Infantry Armor Level 1  
  39  4:47  Barracks Tech Lab x2  
  39  4:50  SCV x2  
  41  4:58  Missile Turret  
  41  5:02  Missile Turret  
  41  5:10  Missile Turret  
  41  5:13  SCV  
  42  5:23  Missile Turret  
  42  5:25  Concussive Shells, Stimpack  
  42  5:29  SCV x2  
  38  5:48  Siege Tank  
  41  6:01  Command Center  
  41  6:02  SCV x2  
  43  6:12  Marine x3, Marauder  
  43  6:14  SCV  
  43  6:18  SCV  
  50  6:20  Siege Tank  
  53  6:26  SCV  
  53  6:30  SCV  
  53  6:31  Marauder  
  57  6:34  Supply Depot  
  57  6:36  Supply Depot  
  57  6:37  Supply Depot  
  57  6:38  SCV  
  58  6:44  Supply Depot  
  58  6:53  Engineering Bay  
  58  7:03  Engineering Bay  
  58  7:05  SCV x2  
  60  7:15  Marauder  
  62  7:16  Marine x2  
  62  7:17  SCV x2, Marauder  
  62  7:21  Command Center  
  68  7:23  Sensor Tower  
  68  7:27  Refinery  
  68  7:29  SCV x2  
  70  7:30  Missile Turret, Refinery  
  70  7:31  Missile Turret  
  70  7:35  Orbital Command  
  70  7:42  Marine x2  
  70  7:43  Marine, Marauder  
  75  7:44  Combat Shields  
  75  7:48  Terran Infantry Weapons Level 1  
  75  7:54  Supply Depot  
  75  8:14  Marine x2  
  75  8:15  Marine, Marauder  
  80  8:23  Starport  
  80  8:27  Armory  
  80  8:30  Supply Depot  
  80  8:32  Supply Depot  
  80  8:33  Marauder  
  82  8:34  Planetary Fortress  
  82  8:37  SCV  
  82  8:38  SCV x2  
  79  8:49  Marine x2  
  79  8:50  SCV x3, Marauder  
  79  8:54  Marine  
  87  9:01  Starport Reactor  
  87  9:07  Marine x2, SCV x3  
  92  9:11  Marauder  
  92  9:12  Marine  
  92  9:14  Refinery  
  92  9:16  Refinery  
  95  9:19  SCV x3  
  95  9:23  Missile Turret  
  98  9:25  Missile Turret  
  98  9:30  Siege Tank  
  101  9:32  Marine x2  
  101  9:33  Marine, Marauder  
  106  9:42  Barracks  
  106  9:44  Barracks  
  106  9:50  Marine  
  106  9:51  Marauder  
  109  9:53  Barracks  
  109  9:55  Terran Vehicle And Ship Armor Level 1  
  109  9:57  Terran Infantry Armor Level 2, Terran Infantry Weapons Level 2  
  109  9:59  Marine x2  
  111  10:02  Siege Tank  
  114  10:08  Marine  
  114  10:09  SCV x3  
  114  10:11  SCV  
  114  10:13  Marauder  
  121  10:17  Marine, Marauder  
  121  10:19  Missile Turret  
  121  10:21  SCV, Missile Turret  
  124  10:22  SCV, Missile Turret  
  124  10:25  Marine  
  127  10:34  Marine, Marauder  
  130  10:36  Barracks Reactor x2  
  130  10:38  Marine  
  130  10:42  Barracks Reactor  
  131  10:49  Medivac  
  133  10:50  Medivac  
  135  11:16  Supply Depot x2  
  135  11:19  Medivac  
  135  11:20  Medivac  
  124  11:37  Command Center  
  124  11:40  Marine x2, Supply Depot  
  124  11:41  Marine x2, Marauder  
  124  11:42  Marine x3, Marauder, Supply Depot  
  124  11:43  Marine  
  136  11:49  Medivac  
  136  11:50  Medivac, Terran Vehicle And Ship Armor Level 2  
  140  11:58  Marine x2  
  140  11:59  Marine x2  
  140  12:00  Marine x4  
  148  12:03  Marauder x2  
  148  12:07  Supply Depot  
  152  12:08  Supply Depot  
  152  12:16  Marine  
  152  12:19  Medivac  
  152  12:20  Medivac  
  157  12:24  Marauder  
  157  12:25  Marauder  
  161  12:30  Marine  
  161  12:31  Marine x3  
  161  12:32  Marine x3  
  161  12:34  Marine  
  169  12:45  Marauder  
  169  12:46  Marauder  
  169  12:48  Marine x2  
  169  12:49  Medivac, Marine x3  
  169  12:50  Medivac, Marine  
  183  13:07  Marauder  
  183  13:08  Marauder  
  183  13:09  Planetary Fortress  
  187  13:19  Medivac  
  189  13:20  Medivac  
  191  13:28  Marauder  
  191  13:29  Marauder  
  191  13:32  Refinery  
  191  13:33  Refinery  
  179  13:49  Medivac  
  179  13:50  Marauder x2  
  185  13:55  Marine  
  185  13:56  Marine x2  
  188  14:02  Supply Depot  
  188  14:04  Supply Depot  
  188  14:18  Marine  
  188  14:19  Marine x2, Command Center  
  188  14:20  Marauder x2  
  139  14:32  Marine x4  
  139  14:33  Marine  
  139  14:36  Marine  
  139  14:37  Marine x2  
Show
View Real Time Build Order
Export as new Build Order

ElvonMF Terran 

Build Orders: MMM Bio 

Get SALT Encoding   

  12  0:04  SCV  
  13  0:16  SCV  
  13  0:21  Supply Depot  
  15  0:28  SCV  
  15  0:42  SCV  
  16  0:44  Barracks  
  16  0:47  Refinery  
  16  0:54  SCV  
  17  1:06  SCV  
  18  1:18  SCV  
  19  1:29  Barracks  
  19  1:31  SCV  
  20  1:36  Supply Depot  
  20  1:43  Orbital Command  
  20  1:46  Marine  
  21  2:15  Barracks Reactor, Supply Depot  
  21  2:22  Barracks Tech Lab  
  21  2:42  Marine  
  21  2:55  Marine  
  21  2:56  Marine  
  22  3:00  Marine  
  22  3:13  Marine x2, Command Center  
  22  3:18  Marine  
  25  3:31  Marine x2  
  27  3:35  Marine  
  28  3:45  Barracks  
  28  3:49  Marine x2  
  28  3:51  Combat Shields  
  28  3:53  Marine  
  31  4:07  Marine x2  
  33  4:11  Marine  
  33  4:12  Engineering Bay  
  33  4:16  SCV  
  35  4:24  Orbital Command  
  35  4:25  Marine  
  35  4:27  Marine  
  35  4:28  SCV  
  35  4:29  Marine  
  39  4:35  Barracks Reactor  
  39  4:38  Supply Depot  
  39  4:40  SCV  
  39  4:42  Marine  
  39  4:44  Missile Turret  
  41  4:48  Marine  
  42  4:54  SCV  
  42  4:55  SCV  
  44  5:06  SCV, Missile Turret  
  44  5:07  SCV  
  46  5:13  Marine  
  47  5:18  Stimpack  
  47  5:19  Marine, SCV x2  
  50  5:23  Terran Infantry Weapons Level 1  
  50  5:31  SCV  
  39  5:37  Marine x4  
  39  5:38  Marine  
  38  5:49  Factory  
  38  5:55  Marine x4  
  42  6:00  Marine, Missile Turret  
  43  6:10  Missile Turret  
  43  6:13  Marine x4  
  47  6:18  Marine  
  47  6:21  SCV x2, Barracks  
  50  6:28  Supply Depot  
  50  6:33  SCV x2  
  50  6:35  Starport, Factory Reactor  
  50  6:36  Marine x3  
  55  6:44  Marine x2  
  55  6:45  SCV x2  
  59  6:54  Marine x2, Refinery  
  59  6:57  SCV  
  62  7:03  Marauder  
  62  7:04  Marine x2  
  66  7:09  Barracks Reactor  
  66  7:12  Marine  
  67  7:20  Medivac  
  69  7:27  Supply Depot  
  69  7:29  Medivac, SCV x2  
  75  7:30  Marauder  
  75  7:33  Marine x3, Supply Depot  
  78  7:42  Supply Depot  
  78  7:49  Marine  
  78  7:50  Terran Infantry Armor Level 1  
  81  7:51  Marauder  
  81  8:02  Marine x2  
  81  8:03  Marine  
  84  8:06  Marine  
  84  8:12  Marine  
  86  8:20  Marine x3  
  86  8:22  Command Center  
  86  8:24  Marine  
  90  8:29  Supply Depot x2  
  90  8:30  Marine  
  91  8:38  Marine x2  
  83  8:48  Marauder  
  62  8:49  Marine x2  
  62  8:55  Armory  
  64  8:56  Marine x2  
  64  8:57  Engineering Bay  
  64  8:58  SCV x2  
  68  9:05  Supply Depot  
  68  9:07  Marine  
  68  9:09  Marauder  
  71  9:23  Marine x3  
  74  9:24  Missile Turret  
  74  9:25  Missile Turret, Marine  
  74  9:31  Marauder  
  77  9:37  Barracks  
  77  9:40  Marine, Barracks  
  77  9:41  Marine x2  
  80  9:51  Marine x3  
  80  9:52  Marauder  
  85  9:58  Marine x2  
  85  9:59  Marine  
  88  10:08  Marine x2  
  88  10:09  Marine  
  88  10:11  Terran Infantry Armor Level 2, Terran Infantry Weapons Level 2  
  88  10:14  Marauder  
  93  10:16  Marine x3  
  93  10:17  SCV x2  
  93  10:18  Refinery  
  98  10:23  Planetary Fortress  
  98  10:25  Marine  
  98  10:26  Marine x2  
  98  10:27  Marine  
  102  10:29  Refinery  
  102  10:35  Marauder  
  104  10:43  Marine  
  104  10:44  Marine x5  
  110  10:54  Medivac  
  110  10:56  Marauder  
  114  11:00  SCV x3  
  117  11:06  Marine  
  117  11:07  Marine  
  117  11:10  Marine  
  120  11:12  SCV x2  
  120  11:18  Marauder  
  121  11:24  Marine x4  
  86  11:26  Marine  
  86  11:29  Marine  
  86  11:30  Marine  
  83  11:39  Marauder  
  85  11:48  Supply Depot  
  85  11:58  Marine x4  
  85  11:59  Marine x3  
  85  12:00  Marauder  
  95  12:14  Barracks Tech Lab  
  94  12:16  Marine x3  
  94  12:17  Barracks Tech Lab  
  94  12:19  Marine x3  
  94  12:22  Marauder  
  102  12:33  Marauder  
  102  12:34  Marine x3  
  102  12:36  Marine  
  102  12:37  Marine x2  
  108  12:40  Medivac x2  
  108  12:43  Marauder  
  116  12:52  Marine x3  
  116  12:54  Marine x3  
  116  12:55  Marauder  
  116  12:56  Marauder  
  126  13:05  Marauder  
  128  13:09  Marine x2  
  128  13:10  Medivac, Marine  
  128  13:12  Marine x2  
  134  13:16  Marine, Marauder  
  134  13:18  Marauder  
  140  13:26  Marauder  
  138  13:27  Marine x3  
  138  13:30  Marine x2  
  141  13:34  Marine  
  141  13:38  Marine, Marauder  
  128  13:45  Marine x3  
  128  13:47  Marauder  
  128  13:48  Marine x2  
  112  13:52  Marine  
  113  13:57  Marauder  
  113  13:59  Marauder  
  117  14:03  Marine x3  
  117  14:05  Marine  
  117  14:09  Marauder  
  123  14:12  Marine  
  123  14:18  Marauder  
  123  14:20  Marauder  
  123  14:23  Marine  
  123  14:24  Marine x4  
  108  14:29  Marine  
  108  14:30  Marauder  
  70  14:39  Marauder  
  70  14:41  Marine x2  
  70  14:42  Marine x3  
Tags
 
Add a new tag
Caveats
  • Supply blocks, unpowered buildings, or Contaminate may cause inaccurate times.
  • Supply counts are checked every 10 seconds.